 Dungeon Sprint DCSS version 0.30-a0-613-gdd512c7efb (webtiles) character file.

Game seed: 10104387538668969461

105 mhtbhm the Ruffian (level 4, -5/40 HPs)
             Began as a Troll Transmuter on Jan 9, 2023.
             Slain by a shadow (8 damage)
             ... in the Dungeon (Sprint III: "The Ten Rune Challenge").
             The game lasted 00:01:07 (396 turns).

mhtbhm the Ruffian (Troll Transmuter)                Turns: 396, Time: 00:01:07

Health: -5/40      AC:  5    Str: 20    XL:     4   Next: 54%
Magic:  4/6        EV: 10    Int:  9    God:
Gold:   36         SH:  0    Dex: 10    Spells: 2/8 levels left

rFire   . . .      SeeInvis .      - Unarmed
rCold   . . .      Faith    .    (no shield)
rNeg    . . .      Spirit   .    a - +0 robe
rPois   +          Reflect  .    (helmet currently unavailable)
rElec   .          Harm     .    d - +0 cloak {rPois}
rCorr   .          Rampage  .    (gloves unavailable)
Will    .....      NoTele   +    (boots unavailable)
Stlth   +                        (no amulet)
HPRegen 1.06/turn                (no ring)
MPRegen 0.10/turn                (no ring)

@: appendages (expiring), wereblooded
A: horns 2, talons 2, large, unfitting armour, claws 3, regeneration 1, shaggy
fur 1, tough skin 1
a: End Transformation


You were in the Dungeon.
You had temporarily grown beastly horns and talons.
You visited 1 branch You collected 36 gold pieces.

Inventory:

Armour
 a - a +0 robe (worn)
 d - a +0 cloak of poison resistance (worn)
Scrolls
 g - 2 scrolls of torment {unknown}
 h - 3 scrolls of identify
Potions
 b - a potion of lignification
 f - 2 potions of magic
 i - 4 potions of flight
 j - a potion of degeneration {unknown}
 k - 5 potions of mutation


   Skills:
 + Level 0.9 Fighting
 + Level 3.3 Dodging
 + Level 0.3 Stealth
 + Level 7.0 Unarmed Combat
 + Level 2.6 Spellcasting
 + Level 3.0 Transmutations


You had 2 spell levels left.
You knew the following spells:

 Your Spells              Type           Power      Damage    Failure   Level
a - Beastly Appendage     Tmut           12%        N/A       9%          1
b - Wereblood             Tmut           6%         N/A       14%         2
c - Spider Form           Tmut/Pois      3%         N/A       45%         3

Your spell library contained the following spells:

 Spells                   Type           Power      Damage    Failure   Level
 Ice Form                 Ice/Tmut       3%         N/A       86%         4


Dungeon Overview and Level Annotations

Branches:
Dungeon (1/1)

Altars:


Innate Abilities, Weirdness & Mutations

You have temporarily grown beastly horns and talons.
You are too large for most types of armour.
You have claws for hands.
Your natural rate of healing is unusually fast.
You are covered in fur. (AC +1)
You have tough skin. (AC +1)


Message History

The shadow slips into darkness.
The shadow flickers and vanishes!
Deactivating autopickup; reactivate with Ctrl-A.
There is an open door here.
The jelly quivers.
The shadow strikes at you from the darkness!
Ouch! That really hurt!
* * * LOW HITPOINT WARNING * * *
Reactivating autopickup.
You feel better. The shadow misses you.
You scratch the shadow but do no damage.
Your kick misses the shadow. Your headbutt misses the shadow.
The shadow hits you.
You scratch the shadow. You claw the shadow, but do no damage.
You headbutt the shadow.
The shadow is moderately damaged.
Your transformation is almost over.
The jelly hits you but does no damage. The shadow barely misses you.
You barely miss the shadow. You claw the shadow, but do no damage.
The shadow is moderately damaged.
The jelly hits you but does no damage. The shadow closely misses you.
You closely miss the shadow.
The shadow is moderately damaged.
You barely miss the shadow.
The shadow is moderately damaged.
The jelly hits you but does no damage. The shadow hits you.
* * * LOW HITPOINT WARNING * * *
You claw the shadow!
You headbutt the shadow, but do no damage.
The shadow is heavily damaged.
The jelly barely misses you. The shadow hits you.
* * * LOW HITPOINT WARNING * * *
You claw the shadow! You claw the shadow.
The shadow is almost destroyed.
The jelly hits you.
* * * LOW HITPOINT WARNING * * *
You are splashed with acid!
* * * LOW HITPOINT WARNING * * *
The shadow hits you!
You die...

▓▓▓ # ##.# #####..#
.#..#..#
.#..#..###+#+###+##
.##'#..#..........#
.###.).'.⌠........#
## #...#...######'#
###....#.⌠.# #W@.#
##.....#...# #.J.#
#......#+### #...#
.#.....# #...+
###....# +...#
▓▓▓▓▓▓ ▓▓▓▓▓


You could see a shadow and a jelly.

Vanquished Creatures
  A water elemental (D)
  Crazy Yiuf (D)
  A human (D)
  4 rats (D)
7 creatures vanquished.

Notes
Turn   | Place    | Note
-------+----------+-------------------------------------------
     0 | D        | mhtbhm the Troll Transmuter began the quest for the Orb.
     0 | D        | Reached XP level 1. HP: 18/18 MP: 1/1
    80 | D        | Reached skill level 4 in Unarmed Combat
    80 | D        | Reached XP level 2. HP: 17/26 MP: 0/3
   210 | D        | Learned a level 2 spell: Wereblood
   213 | D        | Noticed Crazy Yiuf
   222 | D        | Killed Crazy Yiuf
   223 | D        | Reached skill level 5 in Unarmed Combat
   223 | D        | Reached XP level 3. HP: 32/32 MP: 0/5
   265 | D        | Learned a level 3 spell: Spider Form
   299 | D        | Noticed a water elemental
   303 | D        | Killed a water elemental
   304 | D        | Reached skill level 7 in Unarmed Combat
   304 | D        | Reached XP level 4. HP: 27/40 MP: 2/6
   387 | D        | Noticed a shadow
   396 | D        | Slain by a shadow

Illustrated notes

Levels and vault maps discovered:
D:        dungeon_sprint_mu [sprint_mu_entry_cave, sprint_mu_temple_rooms,
          sprint_mu_d1_spiders, sprint_mu_d2_genie, sprint_mu_d3_branching,
          sprint_mu_orc_legion, sprint_mu_elf_gauntlet, sprint_mu_hive_nellie,
          sprint_mu_lair_fedhas, sprint_mu_vaults_butterflies,
          sprint_mu_slime_circle, sprint_mu_shoals_kraken,
          sprint_mu_snake_twists, sprint_mu_blade_basic,
          sprint_mu_crypt_chambers, sprint_mu_tomb_spiral,
          sprint_mu_vestibule_basic, sprint_mu_gehenna_hellfire,
          sprint_mu_dis_giant, sprint_mu_tartarus_statrot,
          sprint_mu_cocytus_islands, sprint_mu_zot1]

Skill      XL: |  1  2  3 |
---------------+----------+-----
Dodging        | 2 3 |  3.3
Unarmed Combat | 4 5 7 |  7.0
Transmutations | 2 3 |  3.0
Spellcasting   | 2 |  2.6
Fighting       | |  0.9
Stealth        | |  0.3

Action                   |  1- 3 |  4- 6 || total
-------------------------+-------+-------++-------
Melee: Unarmed           |    25 |     7 ||    32
       Kick              |     3 |     3 ||     6
       Headbutt          |     2 |     2 ||     4
       Punch             |     1 |       ||     1
 Cast: Beastly Appendage |     3 |     1 ||     4
       Wereblood         |     2 |     1 ||     3
  Use: Potion            |     3 |     1 ||     4
       Scroll            |     1 |       ||     1
 Stab: Sleeping          |     1 |       ||     1
Armor: Robe              |     2 |     3 ||     5
Dodge: Dodged            |    10 |     4 ||    14

Table legend: (Time is in decaauts)
 A = Elapsed time spent in this place.
 B = Non-inter-level travel time spent in this place.
 C = Inter-level travel time spent in this place.
 D = Time resting spent in this place.
 E = Time spent auto-exploring this place.
 F = Levels seen in this place.
 G = Mean time per level.
                   A        B        C        D        E       F      G
               +--------+--------+--------+--------+--------+-----+--------+
         Total |    382 |    382 |      0 |    217 |     39 |   1 |  382.0 |
       Dungeon |    382 |    382 |      0 |    217 |     39 |   1 |  382.0 |
               +--------+--------+--------+--------+--------+-----+--------+

Top non-repeatable levels by time:
       D: 382 daAuts
